 Dungeon Crawl Stone Soup version 0.19.5-1-g796a6487f8 (webtiles) character file.

138 Zorot the Insei (level 5, 0/29 HPs)
             Began as a Vine Stalker Monk on Aug 24, 2023.
             Succumbed to a worker ant's poison
             ... on level 3 of the Dungeon.
             The game lasted 00:02:52 (1774 turns).

Zorot the Insei (Vine Stalker Monk)                 Turns: 1774, Time: 00:02:52

Health: 0/29       AC:  6    Str: 14    XL:     5   Next: 21%
Magic:  4/6        EV: 10    Int: 10    God:
Gold:   73         SH:  0    Dex: 17    Spells: 0 memorised, 4 levels left

rFire  . . .     SeeInvis +     f - +2 dagger (flame)
rCold  . . .     Gourm    .     p - +0 scale mail
rNeg   . . .     Faith    .     (no shield)
rPois  .         Spirit   +     (no helmet)
rElec  .         Reflect  .     (no cloak)
rCorr  .         Harm     .     (no gloves)
MR     .....                    (no boots)
Stlth  +.........               (no amulet)
                                (no ring)
                                g - ring of see invisible

@: lethally poisoned (0 -> -7), hasted, very quick
A: fangs 2, regeneration 1, magic shield, antimagic bite, no device heal 3, rot
immunity
a: no special abilities


You were on level 3 of the Dungeon.
You were not hungry.

You visited 1 branch of the dungeon, and saw 3 of its levels.

You collected 73 gold pieces.

Inventory:

Hand Weapons
 f - a +2 dagger of flaming (weapon)
Armour
 p - a +0 scale mail (worn)
Jewellery
 g - a ring of see invisible (left hand)
Scrolls
 e - a scroll of teleportation {unknown}
 h - a scroll of remove curse {unknown}
 k - a scroll of noise {unknown}
 l - a scroll of enchant armour {unknown}
 m - a scroll of blinking {unknown}
 q - a scroll of fog {unknown}
Potions
 i - a potion of curing {unknown}
 j - a potion of agility {unknown}
 n - a potion of degeneration {unknown}
 o - a potion of magic {unknown}
Comestibles
 a - 2 chunks of flesh
 b - a bread ration
 d - 2 meat rations


   Skills:
 + Level 4.1 Fighting
 - Level 2.4 Dodging
 - Level 2.4 Stealth
 + Level 4.6 Unarmed Combat


You had 4 spell levels left.
You didn't know any spells.

Dungeon Overview and Level Annotations

Branches:
Dungeon (3/15)

Altars:


Innate Abilities, Weirdness & Mutations

You have extremely sharp teeth.
Your natural rate of healing is unusually fast.
When hurt, damage is shared between your health and your magic reserves.
Your bite disrupts and absorbs the magic of your enemies.
Potions and wands cannot restore your health.
You are immune to rotting.


Message History

You bite the worker ant, but do no damage.
The worker ant is heavily wounded.
You feel sick. The worker ant bites you.
* * * LOW HITPOINT WARNING * * *
You hit the worker ant. You burn the worker ant.
The worker ant is heavily wounded.
The worker ant bites you but does no damage.
The worker ant barely misses you.
Unknown command.
You hit the worker ant but do no damage.
You punch the worker ant. You bite the worker ant. You drain its power.
You feel invigorated.
The worker ant is almost dead.
* * * LOW HITPOINT WARNING * * *
You feel sick. The worker ant bites you.
* * * LOW HITPOINT WARNING * * *
You are more poisoned.
The worker ant poisons you!
It was a potion of haste.
You feel yourself speed up.
You die...

#...............
#........######...
#.......<....# .
#............# .#
.....#.......##.#
####.#o#####....###
# #.# #.......
#.#####...###
#..)..'@a...#
#.#####........ ###
#.....### ...#..#
##.#..# .# .# .# #
.#


You could see a worker ant.

Vanquished Creatures
  An orc priest (D:3)
  A hound (D:3)
  Robin (D:2)
  2 adders (D:2)
  2 orcs (D:3)
  A giant cockroach (D:1)
  15 goblins
  5 hobgoblins
  5 kobolds (D:2)
  A quokka (D:2)
  6 bats
  A frilled lizard (D:1)
  5 rats
46 creatures vanquished.

Notes
Turn   | Place    | Note
-------+----------+-------------------------------------------
     0 | D:1      | Zorot the Vine Stalker Monk began the quest for the Orb.
     0 | D:1      | Reached XP level 1. HP: 11/11 MP: 2/2
   393 | D:1      | Reached XP level 2. HP: 8/16 MP: 3/3
   939 | D:2      | Noticed Robin
   996 | D:2      | Reached XP level 3. HP: 10/20 MP: 4/4
  1456 | D:2      | Gained mutation: Your natural rate of healing is unusually fast. [Vine Stalker growth]
  1456 | D:2      | Reached XP level 4. HP: 17/25 MP: 5/5
  1482 | D:2      | Killed Robin
  1703 | D:3      | HP: 1/25 [orc (4)]
  1705 | D:3      | Reached XP level 5. HP: 1/29 MP: 2/6
  1773 | D:3      | HP: 1/29 [worker ant (1)]
  1774 | D:3      | Succumbed to a worker ant's poison

Skill      XL: |  1  2  3  4 |
---------------+-------------+-----
Fighting       | 3 4 |  4.1
Unarmed Combat | 4 |  4.6
Dodging        | |  2.4
Stealth        | |  2.4

Action                   |  1- 3 |  4- 6 || total
-------------------------+-------+-------++-------
Melee: Unarmed           |    15 |       ||    15
       Dagger            |    62 |    55 ||   117
       Bite              |    14 |    19 ||    33
       Punch             |     1 |     2 ||     3
  Use: Potion            |       |     1 ||     1
 Stab: Sleeping          |     7 |       ||     7
  Eat: Chunk             |       |     3 ||     3
Armor: Robe              |     3 |       ||     3
       Scale mail        |    11 |    41 ||    52
Dodge: Dodged            |    40 |    36 ||    76
